 Dungeon Crawl Stone Soup version 0.20-a0-270-g8e735b6 (webtiles) character file.

304 Leibowitz the Cutter (level 5, 0/42 HPs)
             Began as a Demigod Gladiator on Dec 10, 2016.
             Slain by a phantom (8 damage)
             ... on level 5 of the Dungeon.
             The game lasted 00:08:53 (2896 turns).

Leibowitz the Cutter (Demigod Gladiator)            Turns: 2896, Time: 00:08:54

Health: 0/42       AC:  6    Str: 18    XL:     5   Next: 92%
Magic:  16/16      EV: 14    Int: 12    God:
Gold:   84         SH:  4    Dex: 18    Spells: 4/4 levels left

rFire  . . .     SeeInvis .     a - +1 rapier
rCold  . . .     Gourm    .     b - +0 leather armour
rNeg   . . .     Faith    .     (no shield)
rPois  .         Spirit   .     c - +0 helmet
rElec  .         Reflect  +     (no cloak)
rCorr  .         Harm     .     A - +1 pair of gloves
MR     .....                    (no boots)
Stlth  ++........               o - +4 amulet of reflection
                                (no ring)
                                q - ring of magical power

@: no status effects
A: high mp 1
a: no special abilities


You were on level 5 of the Dungeon.
You were hungry.

You visited 1 branch of the dungeon, and saw 5 of its levels.

You collected 174 gold pieces.
You spent 90 gold pieces at shops.

Inventory:

Hand Weapons
 a - a +1 rapier (weapon)
Missiles
 d - 4 throwing nets (quivered)
 s - 18 poisoned needles
Armour
 b - a +0 leather armour (worn)
 c - a +0 helmet (worn)
 A - a +1 pair of gloves (worn)
Jewellery
 o - a +4 amulet of reflection (around neck)
 q - a ring of magical power (left hand)
Wands
 e - a wand of disintegration (8/24)
 x - a wand of acid (10/15)
Scrolls
 m - 2 scrolls of fear
 p - 2 scrolls of blinking
Potions
 g - a potion of curing
 h - a potion of might
 i - a potion of cancellation
 k - a potion of resistance
 l - a potion of agility
 n - a potion of heal wounds {unknown}
 r - 2 potions of haste {unknown}
 t - a potion of degeneration {unknown}
 u - a potion of invisibility {unknown}
 v - 3 potions of mutation {unknown}
 z - a potion of ambrosia {unknown}
Comestibles
 f - 4 bread rations
 j - 4 fruits
 w - a beef jerky


   Skills:
 * Level 2.6 Fighting
 + Level 4.3 Short Blades
 + Level 1.8 Throwing
 + Level 1.2 Armour
 * Level 3.7 Dodging
 * Level 2.4 Stealth


You had 4 spell levels left.
You didn't know any spells.

Dungeon Overview and Level Annotations

Branches:
Dungeon (5/15)             Temple (0/1) D:4

Shops:
D:4 ?

Annotations:
D:3 Grinder


Innate Abilities, Weirdness & Mutations

You have an increased reservoir of magic. (+10% MP)


Message History

The phantom blinks!
You start resting.
The phantom blinks!
The phantom blinks!
You hit the phantom but do no damage.
The phantom is almost destroyed.
The phantom hits you!
* * * LOW HITPOINT WARNING * * *
You barely miss the phantom.
The phantom is almost destroyed.
The phantom blinks!
The phantom blinks!
You hit the phantom but do no damage.
The phantom is almost destroyed.
The phantom barely misses you.
You are feeling hungry.
You hit the phantom but do no damage.
The phantom is almost destroyed.
The phantom hits you!
You die...

##### #### #
#...###..###.r.# ##
#....'.......ยง.# ...
##....#.........# ....
#.....#.........#
.....#.....#.........#
.....'.....#.........#
..####@##.##.####...#
####W##.##.##########
#.....#.............#
#.....#.............+
#.....'.............#
########.####..####.###'###
#...#..#'####..####.#......
#...............#...#......
#...............#...#......


You could see a phantom.

Vanquished Creatures
  An ogre (D:4)
  A water moccasin skeleton (D:5)
  An iguana (D:5)
  A worker ant (D:5)
  A howler monkey skeleton (D:4)
  4 adders
  3 oozes (D:2)
  A worm (D:2)
  3 dart slugs
  2 leopard geckos (D:2)
  2 orcs
  A ball python (D:2)
  2 giant cockroaches (D:2)
  9 goblins
  3 hobgoblins
  3 kobolds
  2 quokkas
  10 bats
  4 frilled lizards
  3 rats
57 creatures vanquished.

Notes
Turn   | Place    | Note
-------+----------+-------------------------------------------
     0 | D:1      | Leibowitz the Demigod Gladiator began the quest for the Orb.
     0 | D:1      | Reached XP level 1. HP: 17/17 MP: 3/3
   229 | D:1      | Reached XP level 2. HP: 24/24 MP: 4/4
   508 | D:2      | Reached skill level 3 in Short Blades
   710 | D:2      | Reached XP level 3. HP: 24/29 MP: 5/5
  1105 | D:2      | Found a bloodstained altar of Trog.
  1113 | D:2      | Found a hide-covered altar of Uskayaw.
  1114 | D:2      | Found a basalt altar of Yredelemnul.
  1115 | D:2      | Found a sparkling altar of Nemelex Xobeh.
  1116 | D:2      | Found a glowing golden altar of the Shining One.
  1117 | D:2      | Found a glowing silver altar of Zin.
  1312 | D:2      | Reached skill level 1 in Stealth
  1343 | D:2      | Found a white marble altar of Elyvilon.
  1488 | D:3      | Noticed Grinder
  1552 | D:3      | Reached XP level 4. HP: 30/36 MP: 6/6
  1695 | D:3      | Found a faded altar of an unknown god.
  2074 | D:4      | Found Tenuyf's Magic Scroll Shoppe.
  2082 | D:4      | Bought a scroll of blinking for 90 gold pieces
  2153 | D:4      | Noticed an ogre
  2162 | D:4      | Killed an ogre
  2162 | D:4      | Reached skill level 1 in Armour
  2162 | D:4      | Reached XP level 5. HP: 42/42 MP: 7/7
  2324 | D:4      | Reached skill level 4 in Short Blades
  2335 | D:4      | Found a staircase to the Ecumenical Temple.
  2529 | D:5      | Entered Level 5 of the Dungeon
  2613 | D:5      | Found a glowing golden altar of the Shining One.
  2836 | D:5      | Noticed a phantom
  2896 | D:5      | Slain by a phantom

Vault maps used:
D:1:      minmay_arrival_solitary_statue
D:2:      old_standard_altar, minitemple, first_bread
D:3:      chequers_ecumenical_altar_island, uniq_grinder
D:4:      serial_shops, shop
D:5:      serial_shops, shop, basic_altar

Skill      XL: |  1  2  3  4  5 |
---------------+----------------+-----
Dodging        | 3 |  3.7
Short Blades   | 3 4 |  4.3
Fighting       | 2 |  2.6
Stealth        | 1 2 |  2.4
Armour         | 1 |  1.2
Throwing       | |  1.8

Action                   |  1- 3 |  4- 6 || total
-------------------------+-------+-------++-------
Melee: Rapier            |   144 |    87 ||   231
  Use: Scroll            |       |    10 ||    10
 Stab: Sleeping          |     4 |     2 ||     6
  Eat: Chunk             |     2 |     4 ||     6
Armor: Leather armour    |    24 |    20 ||    44
Dodge: Dodged            |    98 |    40 ||   138
Block: Other             |    17 |     9 ||    26
       Reflection        |     1 |       ||     1
